 Dungeon Crawl Stone Soup version 0.31.0-9-g3a7656b989 (webtiles) character file.

Game seed: 5351495316571788183

9 qw the Shooter (level 2, -5/14 HPs)
             Began as a Spriggan Hunter on Feb 2, 2024.
             Slain by a gnoll
             ... wielding a +1 whip of venom
              (9 damage)
             ... on level 1 of the Dungeon.
             The game lasted 00:00:00 (140 turns).

qw the Shooter (Spriggan Hunter)                     Turns: 140, Time: 00:00:01

Health: -5/14      AC:  2    Str:  7    XL:     2   Next: 3%
Magic:  3/3        EV: 18    Int: 10    God:
Gold:   0          SH:  0    Dex: 18    Spells: 1/1 levels left

rFire   . . .        a - +0 shortbow
rCold   . . .        (shield currently unavailable)
rNeg    . . .        c - +0 robe
rPois   .            (helmet restricted)
rElec   .            (no cloak)
rCorr   .            (gloves unavailable)
SInv    +            (boots unavailable)
Will    .....        (no amulet)
Stlth   ++           (no ring)
HPRegen 0.22/turn    (no ring)
MPRegen 0.08/turn

%: no passive effects
@: lethally poisoned (-5 -> -11), very quick
A: very small, no large weapons, unfitting armour, see invisible, speed 3
a: no special abilities


You were on level 1 of the Dungeon.
You visited 1 branch of the dungeon, and saw 1 of its levels.


Innate Abilities, Weirdness & Mutations

You are very small and have problems with some larger weapons.
You are too small for most types of armour.
You have supernaturally acute eyesight. (SInv)
You cover ground extremely quickly. (Speed+++)


   Skills:
 - Level 1.5 Fighting
 - Level 4.0 Ranged Weapons
 + Level 3.8 Dodging
 - Level 1.5 Stealth


You had one spell level left.
You didn't know any spells.
Your spell library was empty.

Inventory:

Hand Weapons
 a - a +0 shortbow (weapon)
Armour
 c - a +0 robe (worn)
Scrolls
 b - a scroll of butterflies
 d - 2 scrolls of identify {unknown}
 e - a scroll of fog {unknown}

Dungeon Overview and Level Annotations

Branches:
Dungeon (1/15)

Altars:


Message History

You kill the giant cockroach!
A giant cockroach comes into view.
You shoot an arrow. The arrow hits the giant cockroach.
The giant cockroach is heavily wounded.
You shoot an arrow. The arrow hits the giant cockroach.
The giant cockroach is severely wounded.
You shoot an arrow. The arrow hits the giant cockroach.
You kill the giant cockroach!
A rat comes into view.
You shoot an arrow. The arrow closely misses the rat.
The rat squeaks loudly.
You shoot an arrow. The arrow hits the rat!
You kill the rat!
You have reached level 2!
A bat comes into view.
You shoot an arrow. The arrow hits the bat.
You kill the bat!
A gnoll comes into view. It is wielding a +1 whip of venom.
The gnoll shouts!
You hear a shout!
You shoot an arrow. The arrow hits the gnoll.
The gnoll is lightly wounded.
You shoot an arrow. The arrow closely misses the gnoll.
You shoot an arrow. The arrow closely misses the gnoll.
You shoot an arrow. The arrow hits the gnoll.
The gnoll is lightly wounded.
You shoot an arrow. The arrow barely misses the gnoll.
A kobold comes into view. It is wielding a +0 club.
The gnoll hits you with a +1 whip of venom.
You are poisoned.
You shoot an arrow. The arrow hits the gnoll.
The gnoll is moderately wounded.
You feel sick.
The gnoll hits you with a +1 whip of venom.
You are lethally poisoned!
You shoot an arrow. The arrow hits the gnoll.
The gnoll is heavily wounded.
You feel very sick.
The gnoll hits you with a +1 whip of venom!
Ouch! That really hurt!
You die...

#.......... #..........
#..K.%.....
#.................#
#.................#
#.................#
#..g..............#
#..@..............##
####...................
#....^......##.........
#..................####
#...%......####..#....#
#..........# #.#####.#
#..........# ##.####...
#..........###....))...
#...........)......####


You could see a gnoll and a kobold.

Vanquished Creatures
  2 giant cockroaches (D:1)
  3 kobolds (D:1)
  A ball python (D:1)
  A bat (D:1)
  2 rats (D:1)
9 creatures vanquished.

Notes
Turn   | Place    | Note
-------+----------+-------------------------------------------
     0 | D:1      | qw the Spriggan Hunter began the quest for the Orb.
     0 | D:1      | Reached XP level 1. HP: 10/10 MP: 2/2
     0 | D:1      | 0 ||| qw: Version: 0.3-a-155-g5e7d8dd
     0 | D:1      | 0 ||| qw: Game counter: 2382
     0 | D:1      | 0 ||| qw: Melee chars always use a shield: true
     0 | D:1      | 0 ||| qw: God list: Okawaru
     0 | D:1      | 0 ||| qw: Allow faded altars: false
     0 | D:1      | 0 ||| qw: Do Orc after clearing Dungeon:15 true
     0 | D:1      | 0 ||| qw: Do second Lair branch before Depths: true
     0 | D:1      | 0 ||| qw: Lair rune preference: random
     0 | D:1      | 0 ||| qw: Goals: Normal
     0 | D:1      | 0 ||| PLANNING D:1-11
     3 | D:1      | Noticed an electric eel
    52 | D:1      | Reached skill level 3 in Dodging
   129 | D:1      | Reached XP level 2. HP: 14/14 MP: 3/3
   140 | D:1      | Slain by a gnoll

Levels and vault maps discovered:
D:1:      arrival_aquarium_a, layout_rooms, serial_shops, shop_statue,
          chequers_serial_rivers_small_3

Skill      XL: |  1 |
---------------+----+-----
Dodging        | 3 |  3.8
Fighting       | |  1.5
Ranged Weapons | |  4.0
Stealth        | |  1.5

Action                     || total
---------------------------++-------
   Fire: Shortbow          ||    46
 Armour: Robe              ||    10
  Dodge: Dodged            ||    11

Table legend:
 A = Non-vault XP
 B = Vault XP
 C = Vault XP percentage of total XP
 D = Non-vault monster count
 E = Vault monster count
 F = Vault count percentage of total count
                 A         B        C        D         E       F
            +---------+---------+-------+---------+---------+-------
      Total |      13 |       0 |   0.0 |       9 |       0 |   0.0
            +---------+---------+-------+---------+---------+-------
        D:1 |      13 |       0 |   0.0 |       9 |       0 |   0.0
            +---------+---------+-------+---------+---------+-------
